 Dungeon Crawl Stone Soup version 0.29.1-15-g9cfb28693d (webtiles) character file.

Game seed: 8591650728958404741

5 112233 the Sneak (level 1, -2/7 HPs)
             Began as a Felid Air Elementalist on Feb 25, 2023.
             Was a Follower of Sif Muna.
             Slain by a kobold
             ... wielding a +0 club
              (4 damage)
             ... on level 1 of the Dungeon.
             The game lasted 00:00:30 (462 turns).

112233 the Sneak (Felid Air Elementalist)            Turns: 462, Time: 00:00:30

Health: -2/7       AC:  1    Str:  4    XL:     1   Next: 66%
Magic:  1/4        EV: 17    Int: 16    God:    Sif Muna [*.....]
Gold:   32         SH:  0    Dex: 16    Spells: 3/4 levels left
                                        Lives:  0   Deaths: 0

rFire   . . .      SeeInvis +   (weapon unavailable)
rCold   . . .      Faith    .   (shield unavailable)
rNeg    . . .      Spirit   .   (body armour unavailable)
rPois   .          Reflect  .   (helmet unavailable)
rElec   .          Harm     .   (cloak unavailable)
rCorr   .          Rampage  .   (gloves unavailable)
Will    .....                   (boots unavailable)
Stlth   ++........              (no amulet)
HPRegen 0.02/turn               (no ring)
MPRegen 0.09/turn               (no ring)

@: quick
A: very small, claws 1, fangs 3, see invisible, speed 1, shaggy fur 1, stealthy
paws, no weapons or thrown items, no armour, multi-lived
a: Renounce Religion, Channel Magic


You were on level 1 of the Dungeon.
You worshipped Sif Muna.
Sif Muna was aware of your devotion.
You visited 1 branch of the dungeon, and saw 1 of its levels.

You collected 32 gold pieces.

Inventory:

Scrolls
 d - a scroll of vulnerability {unknown}
Potions
 a - a potion of magic
 b - a potion of berserk rage {unknown}
 c - 2 potions of curing {unknown}


   Skills:
 + Level 2.8 Dodging
 + Level 2.9 Stealth
 + Level 2.0 Spellcasting
 + Level 1.0 Conjurations
 + Level 2.7 Air Magic


You had 3 spell levels left.
You knew the following spells:

 Your Spells              Type           Power      Damage    Failure   Level
a - Shock                 Conj/Air       28%        1d4       10%         1

Your spell library contained the following spells:

 Spells                   Type           Power      Damage    Failure   Level
 Static Discharge         Conj/Air       7%         3-4/arc   14%         2
 Swiftness                Air            10%        N/A       21%         3
 Airstrike                Air            5%         2d(1-17)  54%         4


Dungeon Overview and Level Annotations

Branches:
Dungeon (1/15)

Altars:
Sif Muna


Innate Abilities, Weirdness & Mutations

You have sharp claws.
You have razor-sharp teeth.
You have supernaturally acute eyesight. (SInv)
You cover ground quickly. (Speed+)
You are covered in fur. (AC +1)
Your paws help you pounce on unaware monsters.
You are incapable of wielding weapons or throwing items.
You cannot wear armour.
You gain extra lives every three experience levels.


Message History

Unknown command.
Casting: Shock (safe; 10% risk of failure)
Confirm with . or Enter, or press ? or * to list all spells.
You don't have enough magic to cast this spell.
You see here a rat corpse.
Casting: Shock (safe; 10% risk of failure)
Confirm with . or Enter, or press ? or * to list all spells.
You can't see any susceptible monsters within range! (Use Z to cast anyway.)
Casting: Shock (safe; 10% risk of failure)
Confirm with . or Enter, or press ? or * to list all spells.
Aiming: Shock (safe; 10% risk of failure)
Press: ? - help, Shift-Dir - straight line, f/p - kobold
Aim: a kobold, wielding a +0 club (moderately wounded, 60% to hit)
The zap hits the kobold.
The kobold is severely wounded.
Casting: Shock (safe; 10% risk of failure)
Confirm with . or Enter, or press ? or * to list all spells.
You don't have enough magic to cast this spell.
Casting: Shock (safe; 10% risk of failure)
Confirm with . or Enter, or press ? or * to list all spells.
You don't have enough magic to cast this spell.
You closely miss the kobold.
The kobold is severely wounded.
The kobold hits you with a +0 club.
You closely miss the kobold.
The kobold is severely wounded.
The kobold hits you with a +0 club.
* * * LOW HITPOINT WARNING * * *
Unknown command.
You barely miss the kobold.
The kobold is severely wounded.
The kobold misses you.
You barely miss the kobold.
The kobold is severely wounded.
The kobold closely misses you.
You scratch the kobold but do no damage.
The kobold is severely wounded.
The kobold hits you with a +0 club.
Ouch! That really hurt!
You die...

..)......[# .#..#..#..#
.........)###############.#
....).....#.....K.......)..
...).....<#.#.#######.#..#.
..........#.#.# #
.........)#.#.#
.#..#..#..#.#.####
..........#....K@#
############..##.##
#####.#.# ##.#...#
.......## ###...#
###.#.#.## ##.#...#
###.#.#..###..#...#
..........#..##...##
[...######.###.._..##
####### .####
####...ยง...## #.....###


You could see a kobold.

Vanquished Creatures
  2 giant cockroaches (D:1)
  2 kobolds (D:1)
  2 rats (D:1)
6 creatures vanquished.

Notes
Turn   | Place    | Note
-------+----------+-------------------------------------------
     0 | D:1      | 112233 the Felid Air Elementalist began the quest for the
                  | Orb.
     0 | D:1      | Reached XP level 1. HP: 7/7 MP: 4/4
   197 | D:1      | Found a faded altar of an unknown god.
   211 | D:1      | Reached skill level 1 in Conjurations
   372 | D:1      | Prayed at the altar of an unknown god.
   372 | D:1      | Became a worshipper of Sif Muna the Loreminder
   372 | D:1      | Reached * piety under Sif Muna
   462 | D:1      | Slain by a kobold

Illustrated notes

Levels and vault maps discovered:
D:1:      lemuel_arrival_broad_hall, layout_loops_ring,
          hellmonk_ecumenical_altar_crossroads, hangedman_abyss_or_decor_stabs

Skill      XL: |  1 |
---------------+----+-----
Conjurations   | 1 |  1.0
Dodging        | |  2.8
Stealth        | |  2.9
Spellcasting   | |  2.0
Air Magic      | |  2.7

Action                   || total
-------------------------++-------
Melee: Unarmed           ||     5
 Cast: Shock             ||    20
Armor: Skin              ||     1
Dodge: Dodged            ||    16
